Avalanche vs Islanders

Created - March 7, 2021 at 20:09

Goals
1 2 3 T
Avalanche 0 1 0 1
Islanders 0 3 1 4
Shots
1 2 3 T
Avalanche 13 5 17 35
Islanders 3 21 8 32

1st period

No Goal

Penalties :
Evander Kane (NYI) for Hooking (Minor) at 6:38, Dustin Byfuglien (NYI) for Hooking (Minor) at 14:11

2nd period

1. Islanders , Jiri Hudler 8 (Tomas Plekanec 6, Tomas Fleischmann 10) at 10:27
2. Avalanche , Bryan Little 41 (Mikkel Boedker 62, Patric Hornqvist 31) at 10:55
3. Islanders , Vladimir Tarasenko 29 (Evander Kane 42, Joe Thornton 36) at 12:48 (PP)
4. Islanders , Evander Kane 34 (Vladimir Tarasenko 35, Joe Thornton 37) at 16:17

Penalties :
Mikkel Boedker (Col) for Tripping (Minor) at 2:42, Luke Witkowski (Col) for Tripping (Minor) at 2:48, Peter Prucha (Col) for Hooking (Minor) at 7:06, Evgeny Dadonov (Col) for Hooking (Minor) at 11:42

3rd period

5. Islanders , Jiri Hudler 9 (Tomas Fleischmann 11, Tomas Plekanec 7) at 14:13 (PP)

Penalties :
Jiri Hudler (NYI) for Tripping (Minor) at 11:28, Patric Hornqvist (Col) for Cross-checking (Minor) at 12:47, Colten Teubert (Col) for High sticking (Minor) at 15:45

Goalie Stats

Semyon Varlamov (Col), 28 saves from 32 shots - (0.875), L, 20-9-5, 60:00 minutes
Jonathan Quick (NYI), 34 saves from 35 shots - (0.971), W, 27-15-5, 60:00 minutes

Players Stats for Avalanche

Player Name              G  A  P  +/- PIM S  H  SB GA TA FO     MP     PP MP  PK MP  
------------------------------------------------------------------------------------
Andrew Ladd              0  0  0  -1  0   3  0  0  2  0  1/1    13:45   0:00   1:26 
Bryan Little             1  0  1   0  0   5  1  2  1  1  16/33  18:41   2:58   0:00 
Charlie Coyle            0  0  0  -1  0   6  0  1  0  0  5/14   17:55   0:14   4:56 
Colten Teubert           0  0  0  -1  2   0  2  2  0  0  0/0    19:58   1:57   2:05 
Danny Richmond           0  0  0   0  0   2  1  0  1  0  0/0    11:20   0:00   0:43 
Erik Karlsson            0  0  0  -1  0   2  0  1  1  0  0/0    20:50   3:20   0:53 
Evgeny Dadonov           0  0  0   0  2   2  2  1  1  0  0/0    15:06   2:19   0:00 
Jack Johnson             0  0  0   0  0   5  3  1  2  0  0/0    25:52   1:57   5:07 
James Van Riemsdyk       0  0  0   0  0   0  2  0  0  1  1/1    15:36   2:05   0:00 
Kyle Turris              0  0  0   0  0   1  0  0  0  0  2/4     7:57   0:00   2:22 
Luke Witkowski           0  0  0   0  2   0  1  0  0  0  0/0     9:18   0:00   3:39 
Marc Staal               0  0  0   0  0   0  1  0  0  0  0/0    27:57   3:20   5:07 
Mattias Ekholm           0  0  0   0  0   0  2  1  0  0  0/0    12:32   0:00   1:55 
Mikkel Boedker           0  1  1   0  2   2  3  1  0  0  3/7    20:01   2:58   0:41 
Patric Hornqvist         0  1  1   0  2   1  1  1  1  0  1/2    18:40   2:57   0:00 
Paul Stastny             0  0  0   0  0   3  0  0  0  0  7/10   15:07   2:19   0:00 
Peter Prucha             0  0  0  -1  2   2  0  0  0  1  0/0    12:57   0:00   0:52 
Tomas Tatar              0  0  0   0  0   1  0  0  0  1  0/0     5:54   0:00   0:00 

Players Stats for Islanders

Player Name              G  A  P  +/- PIM S  H  SB GA TA FO     MP     PP MP  PK MP  
------------------------------------------------------------------------------------
Adam Pineault            0  0  0   0  0   0  0  0  0  0  0/0    12:21   0:00   0:00 
Carl Klingberg           0  0  0   0  0   0  0  0  0  0  0/0     1:41   0:01   1:03 
Dustin Byfuglien         0  0  0   1  2   0  1  1  0  2  0/0    19:22   3:22   1:34 
Evander Kane             1  1  2   0  2   8  1  3  0  2  1/3    26:03   4:33   1:52 
Fedor Tyutin             0  0  0   0  0   1  1  0  0  2  0/0    25:47   4:33   2:54 
Jay Bouwmeester          0  0  0   1  0   0  1  2  0  1  0/0    20:09   3:22   2:23 
Jiri Hudler              2  0  2   1  2   8  4  1  0  0  0/0    18:33   3:58   0:00 
Joe Thornton             0  2  2   0  0   2  5  1  0  0  13/33  21:38   3:56   2:05 
Justin Falk              0  0  0   0  0   0  0  1  0  0  0/0     3:46   0:00   0:12 
R.J. Umberger            0  0  0   0  0   2  0  0  0  0  0/0    12:18   0:00   0:01 
Ryan Ellis               0  0  0   0  0   1  0  2  2  0  0/0    29:16   4:33   2:54 
T.J. Fast                0  0  0   0  0   0  0  1  1  0  0/0    10:35   0:00   0:00 
Tomas Fleischmann        0  2  2   1  0   5  2  0  0  0  1/1    19:23   3:22   1:22 
Tomas Kundratek          0  0  0   0  0   0  0  2  0  1  0/0    11:07   0:00   0:37 
Tomas Plekanec           0  2  2   1  0   1  2  0  0  1  12/21  18:14   3:22   0:08 
Vladimir Tarasenko       1  1  2   0  0   3  0  0  0  0  7/11   26:57   4:33   2:53 
Zac Dalpe                0  0  0   0  0   1  4  0  0  0  2/3    12:09   0:00   0:00 
Zac Rinaldo              0  0  0   0  0   0  0  0  1  0  0/0     4:41   0:00   1:10 

3 Stars

1 - Jonathan Quick (NYI)
2 - Jiri Hudler (NYI)
3 - Joe Thornton (NYI)

Power Play

Avalanche - 0 on 3 Attempt(s) - 0.00%
Islanders - 2 on 6 Attempt(s) - 33.33%

Penalty Kill

Avalanche - 4 on 6 Attempt(s) - 66.67% - Score 0 goal in Penalty Kill
Islanders - 3 on 3 Attempt(s) - 100.00% - Score 0 goal in Penalty Kill

Team Stat

Avalanche - Hits : 19 - Faceoff Wins : 36 - Blocked Shots : 11 - Penalty Minutes : 12
Islanders - Hits : 21 - Faceoff Wins : 36 - Blocked Shots : 14 - Penalty Minutes : 6

Official

Referees : Unknown
Linesman : Unknown

Game Notes

No Game Note

Finance

Level 1 -- Attendance: 4923 (82.05%) -- Ticket Income $566,145
Level 2 -- Attendance: 4949 (98.98%) -- Ticket Income $321,685
Level 3 -- Attendance: 1622 (81.10%) -- Ticket Income $72,990
Level 4 -- Attendance: 2752 (68.80%) -- Ticket Income $96,320
Luxury Box -- Attendance: 787 (78.70%) -- Ticket Income $157,400
Game was played at the Barclay center.
Total Attendance: 15033 (83.52%)
Total Ticket Income: $1,214,540
Other Income: $182,181
Total Income: $1,396,721

Avalanche

5 vs 5 Forward 
   Center                   Left Wing                Right Wing               Time % Phy DF OF 
 1 Bryan Little             Mikkel Boedker           Patric Hornqvist         35     1   2  2  
 2 Paul Stastny             James Van Riemsdyk       Evgeny Dadonov           30     1   2  2  
 3 Charlie Coyle            Andrew Ladd              Peter Prucha             25     1   2  2  
 4 Kyle Turris              Tomas Tatar              Luke Witkowski           10     1   2  2  

5 vs 5 Defense 
   Defense                  Defense                                           Time % Phy DF OF 
 1 Jack Johnson             Marc Staal                                        40     1   2  2  
 2 Erik Karlsson            Colten Teubert                                    35     1   2  2  
 3 Mattias Ekholm           Danny Richmond                                    25     1   2  2  
 4 Jack Johnson             Marc Staal                                        0      1   2  2  

PowerPlay Forward 
   Center                   Left Wing                Right Wing               Time % Phy DF OF 
 1 Bryan Little             Mikkel Boedker           Patric Hornqvist         60     1   2  2  
 2 Paul Stastny             James Van Riemsdyk       Evgeny Dadonov           40     1   2  2  

PowerPlay Defense
   Defense                  Defense                                           Time % Phy DF OF 
 1 Erik Karlsson            Marc Staal                                        60     1   2  2  
 2 Jack Johnson             Colten Teubert                                    40     1   2  2  

Penalty Kill 4 Players Forward 
   Center                   Wing                     Time % Phy DF OF 
 1 Charlie Coyle            Luke Witkowski           60     1   2  2  
 2 Kyle Turris              Andrew Ladd              40     1   2  2  

Penalty Kill 4 Players Defense
   Defense                  Defense                  Time % Phy DF OF 
 1 Jack Johnson             Marc Staal               60     1   2  2  
 2 Mattias Ekholm           Colten Teubert           40     1   2  2  

Penalty Kill - 3 Players Forward 
   Forward                                           Time % Phy DF OF 
 1 Mikkel Boedker                                    60     1   2  2  
 2 Patric Hornqvist                                  40     1   2  2  

Penalty Kill - 3 Players Defense
   Defense                  Defense                  Time % Phy DF OF 
 1 Jack Johnson             Marc Staal               60     1   2  2  
 2 Erik Karlsson            Colten Teubert           40     1   2  2  

4 vs 4 Forward 
   Center                   Wing                     Time % Phy DF OF 
 1 Mikkel Boedker           Patric Hornqvist         60     1   2  2  
 2 Bryan Little             Paul Stastny             40     1   2  2  

4 vs 4 Defense
   Defense                  Defense                  Time % Phy DF OF 
 1 Jack Johnson             Marc Staal               60     1   2  2  
 2 Erik Karlsson            Colten Teubert           40     1   2  2  

Last Minutes Offensive
   Center                   Left Wing                Right Wing               Defense                  Defense                  
   Bryan Little             Mikkel Boedker           Patric Hornqvist         Jack Johnson             Erik Karlsson            

Last Minutes Defensive
   Center                   Left Wing                Right Wing               Defense                  Defense                  
   Bryan Little             Mikkel Boedker           Patric Hornqvist         Jack Johnson             Marc Staal               

Goaltenders
Starting : Semyon Varlamov          
Backup : Cam Ward                 

Extra Forwards
Normal : Charlie Coyle, Andrew Ladd, Peter Prucha - PP : Charlie Coyle, Andrew Ladd - PK : Peter Prucha
Extra Defensemen
Normal : Mattias Ekholm, Danny Richmond, Erik Karlsson - PP : Mattias Ekholm - PK : Danny Richmond, Erik Karlsson
Penalty Shots
Mikkel Boedker, Patric Hornqvist, Bryan Little, Paul Stastny, Evgeny Dadonov

Scratches
None

Islanders

5 vs 5 Forward 
   Center                   Left Wing                Right Wing               Time % Phy DF OF 
 1 Joe Thornton             Evander Kane             Vladimir Tarasenko       40     1   2  2  
 2 Tomas Plekanec           Tomas Fleischmann        Jiri Hudler              30     1   2  2  
 3 Zac Dalpe                R.J. Umberger            Adam Pineault            20     1   2  2  
 4 Vladimir Tarasenko       Zac Rinaldo              Evander Kane             10     1   2  2  

5 vs 5 Defense 
   Defense                  Defense                                           Time % Phy DF OF 
 1 Ryan Ellis               Fedor Tyutin                                      40     1   2  2  
 2 Jay Bouwmeester          Dustin Byfuglien                                  30     1   2  2  
 3 T.J. Fast                Tomas Kundratek                                   20     1   2  2  
 4 Justin Falk              Ryan Ellis                                        10     1   2  2  

PowerPlay Forward 
   Center                   Left Wing                Right Wing               Time % Phy DF OF 
 1 Joe Thornton             Evander Kane             Vladimir Tarasenko       60     1   2  2  
 2 Tomas Plekanec           Tomas Fleischmann        Jiri Hudler              40     1   2  2  

PowerPlay Defense
   Defense                  Defense                                           Time % Phy DF OF 
 1 Ryan Ellis               Fedor Tyutin                                      60     1   2  2  
 2 Jay Bouwmeester          Dustin Byfuglien                                  40     1   2  2  

Penalty Kill 4 Players Forward 
   Center                   Wing                     Time % Phy DF OF 
 1 Vladimir Tarasenko       Evander Kane             60     1   2  2  
 2 Joe Thornton             Tomas Fleischmann        40     1   2  2  

Penalty Kill 4 Players Defense
   Defense                  Defense                  Time % Phy DF OF 
 1 Ryan Ellis               Fedor Tyutin             60     1   2  2  
 2 Jay Bouwmeester          Dustin Byfuglien         40     1   2  2  

Penalty Kill - 3 Players Forward 
   Forward                                           Time % Phy DF OF 
 1 Vladimir Tarasenko                                60     1   2  2  
 2 Evander Kane                                      40     1   2  2  

Penalty Kill - 3 Players Defense
   Defense                  Defense                  Time % Phy DF OF 
 1 Ryan Ellis               Fedor Tyutin             60     1   2  2  
 2 Jay Bouwmeester          Dustin Byfuglien         40     1   2  2  

4 vs 4 Forward 
   Center                   Wing                     Time % Phy DF OF 
 1 Vladimir Tarasenko       Evander Kane             60     1   2  2  
 2 Joe Thornton             Tomas Fleischmann        40     1   2  2  

4 vs 4 Defense
   Defense                  Defense                  Time % Phy DF OF 
 1 Ryan Ellis               Fedor Tyutin             60     1   2  2  
 2 Jay Bouwmeester          Dustin Byfuglien         40     1   2  2  

Last Minutes Offensive
   Center                   Left Wing                Right Wing               Defense                  Defense                  
   Joe Thornton             Evander Kane             Vladimir Tarasenko       Ryan Ellis               Fedor Tyutin             

Last Minutes Defensive
   Center                   Left Wing                Right Wing               Defense                  Defense                  
   Joe Thornton             Evander Kane             Vladimir Tarasenko       Ryan Ellis               Fedor Tyutin             

Goaltenders
Starting : Jonathan Quick           
Backup : Julien Ellis             

Extra Forwards
Normal : Carl Klingberg, R.J. Umberger, Zac Rinaldo - PP : Carl Klingberg, R.J. Umberger - PK : Zac Rinaldo
Extra Defensemen
Normal : T.J. Fast, Tomas Kundratek, Justin Falk - PP : T.J. Fast - PK : Tomas Kundratek, Justin Falk
Penalty Shots
Vladimir Tarasenko, Evander Kane, Joe Thornton, Tomas Fleischmann, R.J. Umberger

Scratches
David Legwand (Head Injury), Maxim Talbot (Right Forearm Injury), Mike Brown (Left Foot Injury)

% Time on Ice - Avalanche

Lines # - Real PCT - Wanted PCT - Time Play
Normal Forward
1 - 34% - 35% - 15:53
2 - 28% - 30% - 12:52
3 - 26% - 25% - 11:52
4 - 12% - 10% - 5:31
Normal Defense
1 - 41% - 40% - 18:50
2 - 36% - 35% - 16:41
3 - 23% - 25% - 10:37
4 - 0% - 0% - 0:00
PP Forward
1 - 56% - 60% - 2:58
2 - 44% - 40% - 2:19
PP Defense
1 - 63% - 60% - 3:20
2 - 37% - 40% - 1:57
PK Forward
1 - 82% - 60% - 4:57
2 - 18% - 40% - 1:05
PK Defense
1 - 67% - 60% - 4:01
2 - 33% - 40% - 2:01
PK3 Forward
1 - 100% - 60% - 1:53
2 - 0% - 40% - 0:00
PK3 Defense
1 - 58% - 60% - 1:06
2 - 42% - 40% - 0:47
44 Forward
1 - 100% - 60% - 0:40
2 - 0% - 40% - 0:00
44 Defense
1 - 100% - 60% - 0:40
2 - 0% - 40% - 0:00
Last Minute Offensive  - 0:00
Last Minute Defensive  - 0:00
Total
Forward - 60:00
Defense - 60:00

% Time on Ice - Islanders

Lines # - Real PCT - Wanted PCT - Time Play
Normal Forward
1 - 34% - 40% - 15:49
2 - 32% - 30% - 14:39
3 - 26% - 20% - 12:09
4 - 8% - 10% - 3:31
Normal Defense
1 - 38% - 40% - 17:40
2 - 31% - 30% - 14:24
3 - 23% - 20% - 10:30
4 - 8% - 10% - 3:34
PP Forward
1 - 57% - 60% - 4:33
2 - 43% - 40% - 3:22
PP Defense
1 - 57% - 60% - 4:33
2 - 43% - 40% - 3:22
PK Forward
1 - 74% - 60% - 3:55
2 - 26% - 40% - 1:22
PK Defense
1 - 55% - 60% - 2:54
2 - 45% - 40% - 2:23
PK3 Forward
1 - 0% - 60%
2 - 0% - 40%
PK3 Defense
1 - 0% - 60%
2 - 0% - 40%
44 Forward
1 - 100% - 60% - 0:40
2 - 0% - 40% - 0:00
44 Defense
1 - 100% - 60% - 0:40
2 - 0% - 40% - 0:00
Last Minute Offensive  - 0:00
Last Minute Defensive  - 0:00
Total
Forward - 60:00
Defense - 60:00

Play-by-Play

1st period


0:01 of 1st period - Bryan Little wins face-off versus Joe Thornton in neutral zone.
0:16 of 1st period - Snap shot by Bryan Little.
0:16 of 1st period - Shot Blocked by Evander Kane.
0:26 of 1st period - Snap shot by Charlie Coyle.
0:26 of 1st period - Stopped by Jonathan Quick with a rebound.
0:28 of 1st period - Snap shot by Peter Prucha.
0:28 of 1st period - Stopped by Jonathan Quick without a rebound.
0:29 of 1st period - Andrew Ladd wins face-off versus Tomas Plekanec in Islanders zone.
1:17 of 1st period - Snap shot by Vladimir Tarasenko.
1:17 of 1st period - Shot Misses the Net.
1:19 of 1st period - Snap shot by Zac Rinaldo.
1:19 of 1st period - Deflect By Evander Kane.
1:19 of 1st period - Stopped by Semyon Varlamov without a rebound.
1:20 of 1st period - Vladimir Tarasenko wins face-off versus Kyle Turris in Avalanche zone.
1:37 of 1st period - Slapshot by Tomas Tatar.
1:37 of 1st period - Deflect By Luke Witkowski.
1:37 of 1st period - Shot Misses the Net.
1:37 of 1st period - Puck is out of play.
1:38 of 1st period - Bryan Little wins face-off versus Tomas Plekanec in Islanders zone.
1:39 of 1st period - Wrist shot by Mikkel Boedker.
1:39 of 1st period - Stopped by Jonathan Quick without a rebound.
1:40 of 1st period - Bryan Little wins face-off versus Tomas Plekanec in Islanders zone.
1:57 of 1st period - Snap shot by Patric Hornqvist.
1:57 of 1st period - Stopped by Jonathan Quick without a rebound.
1:58 of 1st period - Paul Stastny wins face-off versus Vladimir Tarasenko in Islanders zone.
2:03 of 1st period - Slapshot by James Van Riemsdyk.
2:03 of 1st period - Shot Misses the Net.
2:15 of 1st period - Wrist shot by Evander Kane.
2:15 of 1st period - Shot Misses the Net.
2:49 of 1st period - Snap shot by Adam Pineault.
2:49 of 1st period - Shot Misses the Net.
2:51 of 1st period - Snap shot by Jiri Hudler.
2:51 of 1st period - Shot Misses the Net.
2:53 of 1st period - Snap shot by Tomas Plekanec.
2:53 of 1st period - Shot Misses the Net.
3:13 of 1st period - Backhand shot by Jack Johnson.
3:13 of 1st period - Stopped by Jonathan Quick with a rebound.
3:53 of 1st period - Evander Kane is hit by Jack Johnson and loses puck.
5:33 of 1st period - Fedor Tyutin is hit by Mattias Ekholm and loses puck.
5:42 of 1st period - Snap shot by Peter Prucha.
5:42 of 1st period - Deflect By Andrew Ladd.
5:42 of 1st period - Shot Hit the Post.
5:42 of 1st period - Puck is out of play.
5:43 of 1st period - Tomas Plekanec wins face-off versus Bryan Little in Islanders zone.
5:54 of 1st period - Snap shot by Jiri Hudler.
5:54 of 1st period - Deflect By Tomas Plekanec.
5:54 of 1st period - Shot Misses the Net.
5:54 of 1st period - Puck is out of play.
5:55 of 1st period - Bryan Little wins face-off versus Tomas Plekanec in Avalanche zone.
5:55 of 1st period - Bryan Little is hit by Tomas Fleischmann.
6:21 of 1st period - Joe Thornton is hit by James Van Riemsdyk and loses puck.
6:38 of 1st period - Minor Penalty to Evander Kane for Hooking.
6:39 of 1st period - Vladimir Tarasenko wins face-off versus Bryan Little in Islanders zone.
6:50 of 1st period - Wrist shot by Mikkel Boedker.
6:50 of 1st period - Deflect By Bryan Little.
6:50 of 1st period - Stopped by Jonathan Quick with a rebound.
8:38 of 1st period - Penalty to Evander Kane is over, Evander Kane is back on ice.
9:02 of 1st period - Adam Pineault is hit by Marc Staal and loses puck.
9:33 of 1st period - Snap shot by Peter Prucha.
9:33 of 1st period - Stopped by Jonathan Quick with a rebound.
10:26 of 1st period - Snap shot by Andrew Ladd.
10:26 of 1st period - Stopped by Jonathan Quick without a rebound.
10:27 of 1st period - Bryan Little wins face-off versus Tomas Plekanec in Islanders zone.
10:30 of 1st period - Slapshot by Bryan Little.
10:30 of 1st period - Deflect By Mikkel Boedker.
10:30 of 1st period - Shot Blocked by Jiri Hudler.
10:30 of 1st period - Puck is out of play.
10:31 of 1st period - Vladimir Tarasenko wins face-off versus Bryan Little in Islanders zone.
10:31 of 1st period - Vladimir Tarasenko is hit by Bryan Little.
10:37 of 1st period - Patric Hornqvist is hit by Joe Thornton and loses puck.
11:02 of 1st period - Mattias Ekholm is hit by Tomas Plekanec and loses puck.
12:13 of 1st period - Snap shot by Kyle Turris.
12:13 of 1st period - Shot Blocked by Jay Bouwmeester.
12:23 of 1st period - Backhand shot by Mikkel Boedker.
12:23 of 1st period - Shot Misses the Net.
12:37 of 1st period - Snap shot by Vladimir Tarasenko.
12:37 of 1st period - Stopped by Semyon Varlamov with a rebound.
13:06 of 1st period - Kyle Turris is hit by Zac Dalpe and loses puck.
14:11 of 1st period - Minor Penalty to Dustin Byfuglien for Hooking.
14:12 of 1st period - Bryan Little wins face-off versus Vladimir Tarasenko in Islanders zone.
14:38 of 1st period - Evgeny Dadonov is hit by Joe Thornton.
14:52 of 1st period - Ryan Ellis is hit by Jack Johnson and loses puck.
16:11 of 1st period - Penalty to Dustin Byfuglien is over, Dustin Byfuglien is back on ice.
16:25 of 1st period - Wrist shot by Ryan Ellis.
16:25 of 1st period - Shot Blocked by Colten Teubert.
16:29 of 1st period - Wrist shot by R.J. Umberger.
16:29 of 1st period - Stopped by Semyon Varlamov without a rebound.
16:30 of 1st period - Kyle Turris wins face-off versus Zac Dalpe in Avalanche zone.
16:47 of 1st period - Wrist shot by Tomas Tatar.
16:47 of 1st period - Stopped by Jonathan Quick with a rebound.
18:28 of 1st period - Snap shot by Charlie Coyle.
18:28 of 1st period - Stopped by Jonathan Quick with a rebound.
18:30 of 1st period - Slapshot by Danny Richmond.
18:30 of 1st period - Shot Blocked by T.J. Fast.
18:32 of 1st period - Slapshot by Mattias Ekholm.
18:32 of 1st period - Shot Blocked by Tomas Kundratek.
18:34 of 1st period - Wrist shot by Charlie Coyle.
18:34 of 1st period - Shot Blocked by Tomas Kundratek.
18:36 of 1st period - Backhand shot by Peter Prucha.
18:36 of 1st period - Shot Misses the Net.
18:38 of 1st period - Wrist shot by Andrew Ladd.
18:38 of 1st period - Stopped by Jonathan Quick with a rebound.
18:40 of 1st period - Slapshot by Danny Richmond.
18:40 of 1st period - Deflect By T.J. Fast.
18:40 of 1st period - Stopped by Jonathan Quick without a rebound.
18:41 of 1st period - Bryan Little wins face-off versus Joe Thornton in Islanders zone.
19:08 of 1st period - Jack Johnson is hit by Tomas Fleischmann and loses puck.
19:19 of 1st period - Slapshot by Danny Richmond.
19:19 of 1st period - Stopped by Jonathan Quick with a rebound.
19:46 of 1st period - Charlie Coyle is hit by Zac Dalpe and loses puck.
19:59 of 1st period - Wrist shot by Peter Prucha.
19:59 of 1st period - Shot Blocked by Joe Thornton.
Goals for this period are 0 for Avalanche vs 0 for Islanders.
Shots for this period are 13 for Avalanche vs 3 for Islanders.

2nd period


0:01 of 2nd period - Bryan Little wins face-off versus Joe Thornton in neutral zone.
1:20 of 2nd period - Charlie Coyle is hit by Joe Thornton and loses puck.
1:45 of 2nd period - Snap shot by Charlie Coyle.
1:45 of 2nd period - Shot Misses the Net.
1:47 of 2nd period - Wrist shot by Andrew Ladd.
1:47 of 2nd period - Shot Blocked by Evander Kane.
2:32 of 2nd period - Wrist shot by Andrew Ladd.
2:32 of 2nd period - Stopped by Jonathan Quick with a rebound.
2:34 of 2nd period - Wrist shot by Peter Prucha.
2:34 of 2nd period - Deflect By Charlie Coyle.
2:34 of 2nd period - Shot Blocked by Evander Kane.
2:34 of 2nd period - Puck is out of play.
2:35 of 2nd period - Tomas Fleischmann wins face-off versus Bryan Little in Islanders zone.
2:35 of 2nd period - Tomas Fleischmann is hit by Mikkel Boedker.
2:42 of 2nd period - Minor Penalty to Mikkel Boedker for Tripping.
2:43 of 2nd period - Tomas Plekanec wins face-off versus Kyle Turris in Avalanche zone.
2:46 of 2nd period - Snap shot by Jiri Hudler.
2:46 of 2nd period - Shot Misses the Net.
2:48 of 2nd period - Minor Penalty to Luke Witkowski for Tripping.
2:49 of 2nd period - Tomas Plekanec wins face-off versus Charlie Coyle in Avalanche zone.
2:52 of 2nd period - Snap shot by Tomas Fleischmann.
2:52 of 2nd period - Stopped by Semyon Varlamov without a rebound.
2:53 of 2nd period - Tomas Plekanec wins face-off versus Charlie Coyle in Avalanche zone.
4:33 of 2nd period - Erik Karlsson is hit by Dustin Byfuglien and loses puck.
4:42 of 2nd period - Penalty to Mikkel Boedker is over, Mikkel Boedker is back on ice.
4:48 of 2nd period - Penalty to Luke Witkowski is over, Luke Witkowski is back on ice.
5:29 of 2nd period - Adam Pineault is hit by Patric Hornqvist and loses puck.
5:55 of 2nd period - Ryan Ellis is hit by Danny Richmond and loses puck.
6:50 of 2nd period - Snap shot by Kyle Turris.
6:50 of 2nd period - Stopped by Jonathan Quick with a rebound.
7:06 of 2nd period - Minor Penalty to Peter Prucha for Hooking.
7:07 of 2nd period - Tomas Plekanec wins face-off versus Charlie Coyle in Avalanche zone.
8:08 of 2nd period - Off-side.
8:09 of 2nd period - Kyle Turris wins face-off versus Joe Thornton in neutral zone.
8:25 of 2nd period - Off-side.
8:26 of 2nd period - Charlie Coyle wins face-off versus Joe Thornton in neutral zone.
8:36 of 2nd period - Off-side.
8:37 of 2nd period - Charlie Coyle wins face-off versus Joe Thornton in neutral zone.
8:40 of 2nd period - Wrist shot by Luke Witkowski.
8:40 of 2nd period - Shot Misses the Net.
9:06 of 2nd period - Penalty to Peter Prucha is over, Peter Prucha is back on ice.
9:19 of 2nd period - Snap shot by Zac Dalpe.
9:19 of 2nd period - Stopped by Semyon Varlamov with a rebound.
9:21 of 2nd period - Wrist shot by Adam Pineault.
9:21 of 2nd period - Shot Blocked by Patric Hornqvist.
9:35 of 2nd period - James Van Riemsdyk is hit by Joe Thornton.
9:59 of 2nd period - Snap shot by Jiri Hudler.
9:59 of 2nd period - Stopped by Semyon Varlamov without a rebound.
10:00 of 2nd period - Tomas Plekanec wins face-off versus Charlie Coyle in Avalanche zone.
10:23 of 2nd period - Backhand shot by Jiri Hudler.
10:23 of 2nd period - Shot Blocked by Erik Karlsson.
10:25 of 2nd period - Slapshot by Tomas Plekanec.
10:25 of 2nd period - Shot Hit the Post.
10:27 of 2nd period - Snap shot by Jiri Hudler.
10:27 of 2nd period - Goal by Jiri Hudler - Avalanche : 0 - Islanders : 1.
10:28 of 2nd period - Joe Thornton wins face-off versus Patric Hornqvist in neutral zone.
10:31 of 2nd period - Slapshot by Ryan Ellis.
10:31 of 2nd period - Shot Blocked by Bryan Little.
10:37 of 2nd period - Slapshot by Vladimir Tarasenko.
10:37 of 2nd period - Stopped by Semyon Varlamov without a rebound.
10:38 of 2nd period - Joe Thornton wins face-off versus Bryan Little in Avalanche zone.
10:55 of 2nd period - Wrist shot by Bryan Little.
10:55 of 2nd period - Goal by Bryan Little - Avalanche : 1 - Islanders : 1.
10:56 of 2nd period - Evander Kane wins face-off versus Bryan Little in neutral zone.
10:59 of 2nd period - Slapshot by Ryan Ellis.
10:59 of 2nd period - Deflect By Mikkel Boedker.
10:59 of 2nd period - Stopped by Semyon Varlamov without a rebound.
11:00 of 2nd period - Joe Thornton wins face-off versus Bryan Little in Avalanche zone.
11:07 of 2nd period - Slapshot by Evander Kane.
11:07 of 2nd period - Stopped by Semyon Varlamov with a rebound.
11:42 of 2nd period - Minor Penalty to Evgeny Dadonov for Hooking.
11:43 of 2nd period - Joe Thornton wins face-off versus Charlie Coyle in Avalanche zone.
11:53 of 2nd period - Wrist shot by Evander Kane.
11:53 of 2nd period - Shot Misses the Net.
11:55 of 2nd period - Slapshot by Joe Thornton.
11:55 of 2nd period - Stopped by Semyon Varlamov without a rebound.
11:56 of 2nd period - Charlie Coyle wins face-off versus Joe Thornton in Avalanche zone.
12:24 of 2nd period - Snap shot by Tomas Fleischmann.
12:24 of 2nd period - Stopped by Semyon Varlamov with a rebound.
12:26 of 2nd period - Snap shot by Jiri Hudler.
12:26 of 2nd period - Stopped by Semyon Varlamov with a rebound.
12:28 of 2nd period - Snap shot by Tomas Plekanec.
12:28 of 2nd period - Stopped by Semyon Varlamov with a rebound.
12:30 of 2nd period - Snap shot by Tomas Plekanec.
12:30 of 2nd period - Shot Misses the Net.
12:32 of 2nd period - Snap shot by Jiri Hudler.
12:32 of 2nd period - Stopped by Semyon Varlamov with a rebound.
12:34 of 2nd period - Wrist shot by Jiri Hudler.
12:34 of 2nd period - Stopped by Semyon Varlamov without a rebound.
12:35 of 2nd period - Joe Thornton wins face-off versus Charlie Coyle in Avalanche zone.
12:46 of 2nd period - Slapshot by Evander Kane.
12:46 of 2nd period - Shot Blocked by Colten Teubert.
12:48 of 2nd period - Snap shot by Vladimir Tarasenko.
12:48 of 2nd period - Goal by Vladimir Tarasenko - Avalanche : 1 - Islanders : 2.
12:49 of 2nd period - Bryan Little wins face-off versus Joe Thornton in neutral zone.
12:54 of 2nd period - Slapshot by Jack Johnson.
12:54 of 2nd period - Stopped by Jonathan Quick without a rebound.
12:55 of 2nd period - Bryan Little wins face-off versus Evander Kane in Islanders zone.
13:26 of 2nd period - Wrist shot by Tomas Fleischmann.
13:26 of 2nd period - Shot Misses the Net.
13:28 of 2nd period - Wrist shot by Jiri Hudler.
13:28 of 2nd period - Stopped by Semyon Varlamov with a rebound.
13:30 of 2nd period - Snap shot by Jiri Hudler.
13:30 of 2nd period - Shot Blocked by Jack Johnson.
13:32 of 2nd period - Snap shot by Ryan Ellis.
13:32 of 2nd period - Shot Misses the Net.
13:54 of 2nd period - Wrist shot by R.J. Umberger.
13:54 of 2nd period - Stopped by Semyon Varlamov without a rebound.
13:55 of 2nd period - Joe Thornton wins face-off versus Mikkel Boedker in Avalanche zone.
14:06 of 2nd period - Snap shot by Evander Kane.
14:06 of 2nd period - Stopped by Semyon Varlamov with a rebound.
14:08 of 2nd period - Snap shot by Dustin Byfuglien.
14:08 of 2nd period - Shot Misses the Net.
14:10 of 2nd period - Slapshot by Evander Kane.
14:10 of 2nd period - Deflect By Mikkel Boedker.
14:10 of 2nd period - Shot Blocked by Mikkel Boedker.
14:10 of 2nd period - Puck is out of play.
14:11 of 2nd period - Tomas Plekanec wins face-off versus Paul Stastny in Avalanche zone.
14:22 of 2nd period - Snap shot by Tomas Fleischmann.
14:22 of 2nd period - Stopped by Semyon Varlamov without a rebound.
14:23 of 2nd period - Bryan Little wins face-off versus Joe Thornton in Avalanche zone.
14:33 of 2nd period - Fedor Tyutin is hit by Mikkel Boedker and loses puck.
14:40 of 2nd period - Vladimir Tarasenko is hit by Jack Johnson and loses puck.
14:58 of 2nd period - Jack Johnson is hit by Fedor Tyutin and loses puck.
15:10 of 2nd period - Off-side.
15:11 of 2nd period - Zac Dalpe wins face-off versus Charlie Coyle in neutral zone.
15:14 of 2nd period - Andrew Ladd is hit by Jay Bouwmeester.
15:54 of 2nd period - Icing by Mattias Ekholm.
15:55 of 2nd period - Bryan Little wins face-off versus Tomas Plekanec in Avalanche zone.
15:55 of 2nd period - Bryan Little is hit by Jiri Hudler.
16:11 of 2nd period - Wrist shot by Jiri Hudler.
16:11 of 2nd period - Stopped by Semyon Varlamov without a rebound.
16:12 of 2nd period - Joe Thornton wins face-off versus Bryan Little in Avalanche zone.
16:15 of 2nd period - Snap shot by Evander Kane.
16:15 of 2nd period - Shot Misses the Net.
16:17 of 2nd period - Wrist shot by Evander Kane.
16:17 of 2nd period - Goal by Evander Kane - Avalanche : 1 - Islanders : 3.
16:18 of 2nd period - Joe Thornton wins face-off versus Bryan Little in neutral zone.
17:14 of 2nd period - Snap shot by Charlie Coyle.
17:14 of 2nd period - Stopped by Jonathan Quick without a rebound.
17:15 of 2nd period - Joe Thornton wins face-off versus Bryan Little in Islanders zone.
18:30 of 2nd period - Snap shot by Evander Kane.
18:30 of 2nd period - Stopped by Semyon Varlamov without a rebound.
18:31 of 2nd period - Bryan Little wins face-off versus Joe Thornton in Avalanche zone.
18:51 of 2nd period - Icing by Bryan Little.
18:52 of 2nd period - Bryan Little wins face-off versus Tomas Plekanec in Avalanche zone.
19:02 of 2nd period - Ryan Ellis is hit by Mikkel Boedker and loses puck.
19:29 of 2nd period - Joe Thornton is hit by Evgeny Dadonov.
19:41 of 2nd period - Wrist shot by Evgeny Dadonov.
19:41 of 2nd period - Shot Blocked by Jay Bouwmeester.
Goals for this period are 1 for Avalanche vs 3 for Islanders.
Shots for this period are 5 for Avalanche vs 21 for Islanders.

3rd period


0:01 of 3rd period - Mikkel Boedker wins face-off versus Joe Thornton in neutral zone.
0:38 of 3rd period - Adam Pineault is hit by Colten Teubert and loses puck.
0:45 of 3rd period - Snap shot by Bryan Little.
0:45 of 3rd period - Stopped by Jonathan Quick without a rebound.
0:46 of 3rd period - James Van Riemsdyk wins face-off versus Tomas Plekanec in Islanders zone.
1:01 of 3rd period - Wrist shot by Jiri Hudler.
1:01 of 3rd period - Shot Misses the Net.
1:41 of 3rd period - Ryan Ellis is hit by Luke Witkowski.
2:01 of 3rd period - Wrist shot by Tomas Fleischmann.
2:01 of 3rd period - Deflect By Jiri Hudler.
2:01 of 3rd period - Shot Misses the Net.
2:01 of 3rd period - Puck is out of play.
2:02 of 3rd period - Tomas Plekanec wins face-off versus Bryan Little in Avalanche zone.
2:03 of 3rd period - Slapshot by Ryan Ellis.
2:03 of 3rd period - Deflect By Jiri Hudler.
2:03 of 3rd period - Shot Misses the Net.
2:03 of 3rd period - Puck is out of play.
2:04 of 3rd period - Patric Hornqvist wins face-off versus Tomas Plekanec in Avalanche zone.
2:04 of 3rd period - Patric Hornqvist is hit by Jiri Hudler.
2:30 of 3rd period - Slapshot by Erik Karlsson.
2:30 of 3rd period - Deflect By Ryan Ellis.
2:30 of 3rd period - Stopped by Jonathan Quick with a rebound.
3:01 of 3rd period - Slapshot by Erik Karlsson.
3:01 of 3rd period - Shot Blocked by Dustin Byfuglien.
3:03 of 3rd period - Wrist shot by Charlie Coyle.
3:03 of 3rd period - Stopped by Jonathan Quick without a rebound.
3:04 of 3rd period - Paul Stastny wins face-off versus Joe Thornton in Islanders zone.
3:17 of 3rd period - Wrist shot by Evander Kane.
3:17 of 3rd period - Stopped by Semyon Varlamov without a rebound.
3:18 of 3rd period - Bryan Little wins face-off versus Joe Thornton in Avalanche zone.
3:32 of 3rd period - Icing by Marc Staal.
3:33 of 3rd period - Tomas Plekanec wins face-off versus Bryan Little in Avalanche zone.
4:00 of 3rd period - Slapshot by Mikkel Boedker.
4:00 of 3rd period - Shot Misses the Net.
4:02 of 3rd period - Slapshot by Bryan Little.
4:02 of 3rd period - Stopped by Jonathan Quick without a rebound.
4:03 of 3rd period - Paul Stastny wins face-off versus Joe Thornton in Islanders zone.
4:06 of 3rd period - Wrist shot by Paul Stastny.
4:06 of 3rd period - Deflect By Evgeny Dadonov.
4:06 of 3rd period - Shot Misses the Net.
4:06 of 3rd period - Puck is out of play.
4:07 of 3rd period - Joe Thornton wins face-off versus Paul Stastny in Islanders zone.
5:47 of 3rd period - Wrist shot by Paul Stastny.
5:47 of 3rd period - Stopped by Jonathan Quick with a rebound.
6:14 of 3rd period - Off-side.
6:15 of 3rd period - Charlie Coyle wins face-off versus Joe Thornton in neutral zone.
6:42 of 3rd period - James Van Riemsdyk is hit by Zac Dalpe and loses puck.
7:09 of 3rd period - Snap shot by Patric Hornqvist.
7:09 of 3rd period - Shot Blocked by Justin Falk.
9:24 of 3rd period - Tomas Fleischmann is hit by Evgeny Dadonov and loses puck.
9:51 of 3rd period - Snap shot by Charlie Coyle.
9:51 of 3rd period - Stopped by Jonathan Quick without a rebound.
9:52 of 3rd period - Zac Dalpe wins face-off versus Paul Stastny in Islanders zone.
10:03 of 3rd period - Snap shot by R.J. Umberger.
10:03 of 3rd period - Shot Blocked by Evgeny Dadonov.
10:39 of 3rd period - Jay Bouwmeester is hit by Mattias Ekholm and loses puck.
11:00 of 3rd period - T.J. Fast is hit by James Van Riemsdyk and loses puck.
11:23 of 3rd period - Snap shot by Mikkel Boedker.
11:23 of 3rd period - Stopped by Jonathan Quick with a rebound.
11:25 of 3rd period - Slapshot by Erik Karlsson.
11:25 of 3rd period - Stopped by Jonathan Quick without a rebound.
11:26 of 3rd period - Tomas Plekanec wins face-off versus Bryan Little in Islanders zone.
11:28 of 3rd period - Minor Penalty to Jiri Hudler for Tripping.
11:29 of 3rd period - Bryan Little wins face-off versus Evander Kane in Islanders zone.
11:33 of 3rd period - Slapshot by Bryan Little.
11:33 of 3rd period - Stopped by Jonathan Quick without a rebound.
11:34 of 3rd period - Vladimir Tarasenko wins face-off versus Bryan Little in Islanders zone.
11:49 of 3rd period - Marc Staal is hit by Evander Kane and loses puck.
12:26 of 3rd period - Snap shot by Tomas Fleischmann.
12:26 of 3rd period - Stopped by Semyon Varlamov without a rebound.
12:27 of 3rd period - Joe Thornton wins face-off versus Mikkel Boedker in Avalanche zone.
12:40 of 3rd period - Wrist shot by Joe Thornton.
12:40 of 3rd period - Stopped by Semyon Varlamov with a rebound.
12:42 of 3rd period - Backhand shot by Tomas Fleischmann.
12:42 of 3rd period - Stopped by Semyon Varlamov without a rebound.
12:43 of 3rd period - Vladimir Tarasenko wins face-off versus Bryan Little in Avalanche zone.
12:47 of 3rd period - Minor Penalty to Patric Hornqvist for Cross-checking.
12:48 of 3rd period - Mikkel Boedker wins face-off versus Vladimir Tarasenko in Avalanche zone.
12:52 of 3rd period - Slapshot by Jack Johnson.
12:52 of 3rd period - Stopped by Jonathan Quick with a rebound.
12:54 of 3rd period - Slapshot by Jack Johnson.
12:54 of 3rd period - Shot Blocked by Ryan Ellis.
12:56 of 3rd period - Slapshot by Jack Johnson.
12:56 of 3rd period - Stopped by Jonathan Quick with a rebound.
12:58 of 3rd period - Snap shot by Charlie Coyle.
12:58 of 3rd period - Stopped by Jonathan Quick without a rebound.
12:59 of 3rd period - Vladimir Tarasenko wins face-off versus Mikkel Boedker in Islanders zone.
13:10 of 3rd period - Wrist shot by Vladimir Tarasenko.
13:10 of 3rd period - Deflect By Evander Kane.
13:10 of 3rd period - Stopped by Semyon Varlamov without a rebound.
13:11 of 3rd period - Vladimir Tarasenko wins face-off versus Mikkel Boedker in Avalanche zone.
13:12 of 3rd period - Snap shot by Evander Kane.
13:12 of 3rd period - Shot Blocked by Charlie Coyle.
13:14 of 3rd period - Slapshot by Fedor Tyutin.
13:14 of 3rd period - Shot Misses the Net.
13:16 of 3rd period - Snap shot by Ryan Ellis.
13:16 of 3rd period - Shot Misses the Net.
13:18 of 3rd period - Slapshot by Fedor Tyutin.
13:18 of 3rd period - Stopped by Semyon Varlamov without a rebound.
13:19 of 3rd period - Mikkel Boedker wins face-off versus Vladimir Tarasenko in Avalanche zone.
13:28 of 3rd period - Penalty to Jiri Hudler is over, Jiri Hudler is back on ice.
13:42 of 3rd period - Snap shot by Charlie Coyle.
13:42 of 3rd period - Shot Blocked by Ryan Ellis.
13:52 of 3rd period - Mikkel Boedker is hit by Jiri Hudler and loses puck.
14:03 of 3rd period - Snap shot by Evander Kane.
14:03 of 3rd period - Stopped by Semyon Varlamov without a rebound.
14:04 of 3rd period - Tomas Plekanec wins face-off versus Charlie Coyle in Avalanche zone.
14:07 of 3rd period - Backhand shot by Jiri Hudler.
14:07 of 3rd period - Shot Blocked by Mattias Ekholm.
14:13 of 3rd period - Slapshot by Jiri Hudler.
14:13 of 3rd period - Goal by Jiri Hudler - Avalanche : 1 - Islanders : 4.
14:14 of 3rd period - Paul Stastny wins face-off versus Joe Thornton in neutral zone.
14:19 of 3rd period - Snap shot by Paul Stastny.
14:19 of 3rd period - Stopped by Jonathan Quick without a rebound.
14:20 of 3rd period - Paul Stastny wins face-off versus Joe Thornton in Islanders zone.
14:21 of 3rd period - Snap shot by Evgeny Dadonov.
14:21 of 3rd period - Stopped by Jonathan Quick with a rebound.
14:23 of 3rd period - Slapshot by Jack Johnson.
14:23 of 3rd period - Stopped by Jonathan Quick without a rebound.
14:24 of 3rd period - Paul Stastny wins face-off versus Joe Thornton in Islanders zone.
14:25 of 3rd period - Snap shot by Evgeny Dadonov.
14:25 of 3rd period - Shot Misses the Net.
14:27 of 3rd period - Wrist shot by Paul Stastny.
14:27 of 3rd period - Stopped by Jonathan Quick without a rebound.
14:28 of 3rd period - Joe Thornton wins face-off versus Bryan Little in Islanders zone.
14:33 of 3rd period - Patric Hornqvist is hit by Joe Thornton and loses puck.
15:01 of 3rd period - Snap shot by Evgeny Dadonov.
15:01 of 3rd period - Stopped by Jonathan Quick without a rebound.
15:02 of 3rd period - Paul Stastny wins face-off versus Joe Thornton in Islanders zone.
15:28 of 3rd period - Patric Hornqvist is hit by Tomas Plekanec and loses puck.
15:45 of 3rd period - Minor Penalty to Colten Teubert for High sticking.
15:46 of 3rd period - Charlie Coyle wins face-off versus Joe Thornton in Avalanche zone.
16:06 of 3rd period - Icing by Vladimir Tarasenko.
16:07 of 3rd period - Joe Thornton wins face-off versus Charlie Coyle in Islanders zone.
16:36 of 3rd period - Marc Staal is hit by Jiri Hudler and loses puck.
17:45 of 3rd period - Penalty to Colten Teubert is over, Colten Teubert is back on ice.
18:04 of 3rd period - Colten Teubert is hit by Zac Dalpe.
18:14 of 3rd period - Adam Pineault is hit by Colten Teubert and loses puck.
18:42 of 3rd period - Icing by Jack Johnson.
18:43 of 3rd period - Tomas Plekanec wins face-off versus Bryan Little in Avalanche zone.
18:46 of 3rd period - Wrist shot by Jiri Hudler.
18:46 of 3rd period - Shot Blocked by Bryan Little.
19:29 of 3rd period - Wrist shot by Bryan Little.
19:29 of 3rd period - Shot Misses the Net.
Goals for this period are 0 for Avalanche vs 1 for Islanders.
Shots for this period are 17 for Avalanche vs 8 for Islanders. Output by the SimonT Hockey Simulator (STHS) for Francois Prevost - Original Page W3C HTML5 Valid
Hockey Simulator - Hockey Simulation - Hockey Manager